 Dungeon Crawl Stone Soup version 0.32-a0-876-gcfddb08e57 (webtiles) character file.

Game seed: 2741097258178070590

2644 Autsider the Thaumaturge (level 9, -1/52 HPs)
             Began as a Deep Elf Hedge Wizard on Mar 31, 2024.
             Was a Follower of Sif Muna.
             Slain by a yak (9 damage)
             ... on level 8 of the Dungeon.
             The game lasted 00:47:27 (8924 turns).

Autsider the Thaumaturge (Deep Elf Hedge Wizard)    Turns: 8924, Time: 00:47:27

Health: -1/52      AC:  6    Str:  7    XL:     9   Next: 35%
Magic:  6/24       EV: 11    Int: 24    God:    Sif Muna [*.....]
Gold:   555        SH:  0    Dex: 14    Spells: 20/26 levels left

rFire   + . .        j - staff of conjuration { !a !w}
rCold   . . .        (no shield)
rNeg    . . .        t - +2 robe {rF+}
rPois   +            c - +0 hat
rElec   .            o - +0 cloak
rCorr   .            i - +0 pair of gloves
SInv    +            (no boots)
Will    .....        w - amulet of the acrobat
Stlth   +++          e - ring of see invisible
HPRegen 0.28/turn    A - ring of poison resistance
MPRegen 0.19/turn

%: acrobat
@: no status effects
A: no striking features
a: Renounce Religion, Channel Magic


You were on level 8 of the Dungeon.
You worshipped Sif Muna.
Sif Muna was aware of your devotion.
You visited 2 branches of the dungeon, and saw 10 of its levels.
You also visited: Sewer.

You collected 555 gold pieces.

Inventory:

Missiles
 E - a throwing net
Armour
 c - a +0 hat (worn)
 i - a +0 pair of gloves (worn)
 o - a +0 cloak (worn)
 t - a +2 robe of fire resistance (worn)
Magical Staves
 g - a staff of death
 j - a staff of conjuration (weapon) { !a !w}
 p - a staff of alchemy
 v - a staff of alchemy
Jewellery
 e - a ring of see invisible (left hand)
 w - an amulet of the acrobat (around neck)
 x - a +6 ring of strength
 A - a ring of poison resistance (right hand)
 C - an amulet of regeneration
Talismans
 z - a flux talisman
Wands
 b - a wand of paralysis (6)
 d - a wand of iceblast (9)
 y - a wand of flame (13)
Scrolls
 k - a scroll of fog
 l - 2 scrolls of identify
 m - 3 scrolls of enchant weapon
Potions
 a - 3 potions of haste
 f - 5 potions of curing
 h - 2 potions of lignification {unknown}
 n - a potion of ambrosia {unknown}
 q - a potion of attraction {unknown}
 r - 2 potions of heal wounds {unknown}
 s - 4 potions of enlightenment
 u - 2 potions of might
 B - a potion of degeneration {unknown}
 D - 2 potions of resistance {unknown}


   Skills:
 - Level 4.0 Fighting
 - Level 2.4 Dodging
 + Level 4.7 Stealth
 + Level 9.0 Spellcasting
 + Level 7.9 Conjurations
 + Level 6.2 Summonings
 - Level 1.1 Translocations
 - Level 2.0 Air Magic
 - Level 2.0 Alchemy


You had 20 spell levels left.
You knew the following spells:

 Your Spells              Type           Power      Damage    Failure   Level
a - Magic Dart            Conj           100%       1d8       1%          1
b - Mephitic Cloud        Conj/Alch/Air  44%        N/A       3%          3
c - Call Imp              Summ           80%        N/A       1%          2

Your spell library contained the following spells:

 Spells                   Type           Power      Damage    Failure   Level
 Cigotuvi's Dreadful Rot  Necr/Alch/Air  34%        N/A       4%          2
 Blink                    Tloc           32%        N/A       5%          2
 Lesser Beckoning         Tloc           32%        N/A       5%          2
 Slow                     Hex            40%        N/A       6%          1
 Iskenderun's Mystic Bla  Conj/Tloc      48%        2d11      (+2d59%     4
 Teleport Other           Tloc           16%        N/A       11%         3
 Tukima's Dance           Hex            10%        N/A       17%         3
 Olgreb's Toxic Radiance  Alch           20%        N/A       26%         4
 Maxwell's Portable Pile  Tloc           16%        2d(7-14)  36%         4
 Dimensional Bullseye     Hex/Tloc       6%         N/A       43%         4
 Ozocubu's Refrigeration  Ice            5%         4d8       100%        7
 Discord                  Hex            5%         N/A       100%        8


Dungeon Overview and Level Annotations

Branches:
Dungeon (9/15)             Temple (1/1) D:5           Sewer (visited)
   Lair: D:8-11         Orc: D:9-12

Altars:
Ashenzari
Cheibriados
Dithmenos
Gozag
Hepliaklqana
Kikubaaqudgha
Makhleb
Okawaru
Qazlal
Ru
Sif Muna
Trog
Vehumet
Wu Jian
Yredelemnul
Zin
The Shining One

Annotations:
D:5 exclusion: downstairs
D:6 exclusion: 2 downstairs
D:9 Pikel


Message History

Confirm with . or Enter, or press ? or * to list all spells.
Aiming: Magic Dart (safe; 1% risk of failure)
Press: ? - help, Shift-Dir - straight line, f/p - yak
Aim: a yak (noxious fumes, almost dead, confused, 100% to hit)
You feel a surge of power!
The magic dart hits the yak.
The yak is almost dead.
The yak is engulfed in noxious fumes.
The yak gores you!
* * * LOW HITPOINT WARNING * * *
The yak barely misses you.
Casting: Magic Dart (safe; 1% risk of failure)
Confirm with . or Enter, or press ? or * to list all spells.
Aiming: Magic Dart (safe; 1% risk of failure)
Press: ? - help, Shift-Dir - straight line, f/p - yak
Aim: a yak (noxious fumes, almost dead, confused, 100% to hit)
You feel a surge of power!
The magic dart hits the yak.
You kill the yak!
Sif Muna accepts your kill. The yak gores you!
* * * LOW HITPOINT WARNING * * *
Your Spellcasting skill increases to level 9!
Casting: Magic Dart (safe; 1% risk of failure)
Confirm with . or Enter, or press ? or * to list all spells.
Aiming: Magic Dart (safe; 1% risk of failure)
Press: ? - help, Shift-Dir - straight line, f - yak
Aim: a yak (100% to hit)
You feel a surge of power!
The magic dart hits the yak but does no damage.
The yak gores you.
* * * LOW HITPOINT WARNING * * *
Casting: Magic Dart (safe; 1% risk of failure)
Confirm with . or Enter, or press ? or * to list all spells.
Aiming: Magic Dart (safe; 1% risk of failure)
Press: ? - help, Shift-Dir - straight line, f/p - yak
Aim: a yak (100% to hit)
You feel a surge of power!
The magic dart hits the yak but does no damage.
The yak gores you!
* * * LOW HITPOINT WARNING * * *
You feel better. The yak gores you!
You die...

####Y## ######.# ##...## ......#
#......# ##.....# .###<.##
#.#.######.......
.###...##########....####......).
............).....^.....'.....)..
.###..#.#########....####........
##...# #.).......#....... #..##
#)Y######.##.....# ....# #@.#
#.###...## ####.# #ยงยง#### #.#
##'## #.# #.....# #.# #.# #.#
#..##.# #.# #.# #.###.###.####.##
#)...[....[.....##
#####.##.###.....# #.##.####.....
#.)..).......#


You could see a yak.

Vanquished Creatures
  5 yaks
  2 water moccasins
  Pargi (Sewer)
  2 centaurs
  A bullfrog (D:8)
  A brain worm (Sewer)
  2 gnoll sergeants
  3 scorpions
  2 wights (D:8)
  4 hounds
  An orc priest (D:7)
  4 jellies
  A gnoll bouda (D:8)
  2 iguanas
  3 orc wizards (D:7)
  12 gnolls
  6 adders
  A shadow imp (D:7)
  A white imp (D:6)
  An ufetubus (D:6)
  2 dart slugs (D:1)
  3 ribbon worms (D:2)
  16 orcs
  7 ball pythons
  11 bats
  11 endoplasms
  3 giant cockroaches (D:1)
  11 goblins
  6 hobgoblins
  13 jackals
  8 kobolds
  2 quokkas
  5 rats
153 creatures vanquished.

Vanquished Creatures (collateral kills)
  A bullfrog (D:6)
  A howler monkey (D:8)
  2 orc wizards (D:7)
  A gnoll (D:7)
  An adder (D:5)
  An ufetubus (D:6)
7 creatures vanquished.

Grand Total: 160 creatures vanquished

Notes
Turn   | Place    | Note
-------+----------+-------------------------------------------
     0 | D:1      | Autsider the Deep Elf Hedge Wizard began the quest for the
                  | Orb.
     0 | D:1      | Reached XP level 1. HP: 10/10 MP: 7/7
   105 | D:1      | Reached XP level 2. HP: 15/15 MP: 1/9
   459 | D:1      | Reached XP level 3. HP: 20/20 MP: 2/11
   795 | D:1      | Learned a level 3 spell: Mephitic Cloud
   951 | D:1      | Reached skill level 1 in Fighting
  1403 | D:2      | Reached XP level 4. HP: 25/25 MP: 8/12
  1752 | D:3      | Reached skill level 5 in Spellcasting
  1989 | D:3      | Reached skill level 1 in Alchemy
  2452 | D:3      | Reached skill level 1 in Air Magic
  2500 | D:4      | Reached XP level 5. HP: 29/29 MP: 9/14
  2618 | D:4      | Found a stormy altar of Qazlal.
  2754 | D:4      | Found a glowing drain.
  2803 | Sewer    | Entered a sewer
  2859 | Sewer    | Noticed Pargi
  2987 | Sewer    | Killed Pargi
  2988 | Sewer    | Reached XP level 6. HP: 35/35 MP: 4/16
  3350 | D:4      | Learned a level 2 spell: Call Imp
  3374 | D:5      | Entered Level 5 of the Dungeon
  3693 | D:5      | Found an opulent altar of Gozag.
  3781 | D:5      | Reached skill level 6 in Spellcasting
  3781 | D:5      | Reached skill level 5 in Conjurations
  3781 | D:5      | Reached XP level 7. HP: 40/40 MP: 11/18
  3799 | D:5      | Found a staircase to the Ecumenical Temple.
  3829 | Temple   | Entered the Ecumenical Temple
  3847 | Temple   | Became a worshipper of Sif Muna the Loreminder
  4898 | D:6      | Reached XP level 8. HP: 30/46 MP: 8/20
  5446 | D:7      | Found a burning altar of Makhleb.
  5615 | D:7      | Reached skill level 7 in Spellcasting
  5637 | D:7      | HP: 2/46 [gnoll sergeant/+0 spear (10)]
  7126 | D:8      | Reached * piety under Sif Muna
  7169 | D:8      | Reached skill level 5 in Summonings
  7497 | D:8      | Reached skill level 8 in Spellcasting
  7803 | D:9      | Noticed Pikel
  8056 | D:8      | Reached XP level 9. HP: 24/52 MP: 12/23
  8922 | D:8      | Reached skill level 9 in Spellcasting
  8923 | D:8      | HP: 1/52 [yak (13)]
  8924 | D:8      | Slain by a yak

Illustrated notes

Levels and vault maps discovered:
D:1:      lightli_arrival_boilingwater, layout_loops_cross, grunt_decor_clamped,
          serial_bayou_pond_e, dreamdust_princess_corridor
D:2:      layout_rooms, minmay_pentomino_p4
D:3:      layout_rooms, nicolae_underground_beach
D:4:      layout_rooms, mainiacjoe_overflow_alcove_2,
          cheibrodos_sewer_entry_sluice, chequers_serial_rivers_small_3
D:5:      layout_loops_ring, grunt_gozag_breadcrumbs,
          minmay_temple_entry_slanted
D:6:      layout_rooms
D:7:      layout_cave_pods, amcnicky_altar_gilded, water_maze_lemuel
D:8:      layout_loops_corners
D:9:      layout_basic, lair_entry_dummy, orc_0_dummy, uniq_pikel, uniq_maggie,
          uniq_grum
Temple:   jpeg_temple_clearing

Skill      XL: |  1  2  3  4  5  6  7  8  9 |
---------------+----------------------------+-----
Conjurations   | 2 3 4 5 6 7 |  7.9
Fighting       | 1 2 3 4 |  4.0
Spellcasting   | 5 6 8 9 |  9.0
Alchemy        | 1 2 |  2.0
Air Magic      | 1 2 |  2.0
Summonings     | 2 3 5 6 |  6.2
Stealth        | 3 4 |  4.7
Dodging        | |  2.4
Translocations | |  1.1

Action                     |  1- 3 |  4- 6 |  7- 9 || total
---------------------------+-------+-------+-------++-------
  Melee: Dagger            |     5 |       |       ||     5
   Cast: Magic Dart        |   113 |   150 |   323 ||   586
         Mephitic Cloud    |       |     3 |    16 ||    19
         Call Imp          |       |     3 |    54 ||    57
    Use: Scroll            |       |     4 |     8 ||    12
         Potion            |       |       |     4 ||     4
 Armour: Robe              |    14 |    20 |   112 ||   146
  Dodge: Dodged            |    14 |    23 |   148 ||   185

Table legend: (Time is in decaauts)
 A = Elapsed time spent in this place.
 B = Non-inter-level travel time spent in this place.
 C = Inter-level travel time spent in this place.
 D = Time resting spent in this place.
 E = Time spent auto-exploring this place.
 F = Levels seen in this place.
 G = Mean time per level.
                   A        B        C        D        E       F      G
               +--------+--------+--------+--------+--------+-----+--------+
         Total |   8938 |   8622 |    316 |   2832 |   3154 |  11 |  812.5 |
       Dungeon |   8590 |   8309 |    281 |   2645 |   3109 |   9 |  954.4 |
        Temple |     36 |      1 |     35 |      0 |      0 |   1 |   36.0 |
         Sewer |    311 |    311 |      0 |    187 |     45 |   1 |  311.0 |
               +--------+--------+--------+--------+--------+-----+--------+

Top non-repeatable levels by time:
     D:8: 1639 daAuts
     D:7: 1613 daAuts
     D:6: 1224 daAuts
     D:1: 1107 daAuts
     D:5: 879 daAuts
     D:2: 849 daAuts
     D:4: 577 daAuts
     D:3: 537 daAuts
   Sewer: 311 daAuts
     D:9: 161 daAuts
  Temple: 36 daAuts
